 Dungeon Crawl Stone Soup version 0.24.1-14-gf8d2b509d9 (webtiles) character file.

Game seed: 9945102575626485547, levelgen mode: deterministic

1815 KlarStein the Cudgeler (level 9, -4/78 HPs)
             Began as a Ghoul Fighter on July 10, 2020.
             Was an Initiate of Okawaru.
             Slain by a white ugly thing (14 damage)
             ... on level 5 of the Dungeon.
             The game lasted 00:43:45 (6384 turns).

KlarStein the Cudgeler (Ghoul Fighter)              Turns: 6384, Time: 00:43:45

Health: -4/78      AC: 16    Str: 23    XL:     9   Next: 10%
Magic:  8/8        EV:  4    Int:  6    God:    Okawaru [......]
Gold:   293        SH: 13    Dex:  8    Spells: 8/8 levels left

rFire    . . .     SeeInvis .   a - +0 flail
rCold    + . .     Gourm    .   j - +0 shield
rNeg     + + +     Faith    .   y - +0 plate armour
rPois    ∞         Spirit   .   x - +2 hat
rElec    .         Reflect  +   i - +0 cloak
rCorr    .         Harm     .   s - +0 pair of gloves
MR       .....                  (no boots)
Stlth    ..........             e - +3 amulet of reflection
HPRegen  0.00/turn              p - +3 ring of intelligence
MPRegen  0.11/turn              (no ring)

@: rotting
A: rotting body, claws 1, carnivore, cold resistance 1, negative energy
resistance 3, inhibited regeneration, torment resistance, unbreathing
a: Renounce Religion


You were on level 5 of the Dungeon.
You worshipped Okawaru.
Okawaru was noncommittal.
You were not hungry.

You visited 2 branches of the dungeon, and saw 8 of its levels.

You collected 293 gold pieces.

Inventory:

Hand Weapons
 a - a +0 flail (weapon)
 c - a +0 mace
 h - a +2 long sword of electrocution
 t - a +2 quarterstaff of chaos
Missiles
 q - a throwing net (quivered)
Armour
 i - a +0 cloak (worn)
 j - a +0 shield (worn)
 s - a +0 pair of gloves (worn)
 x - a +2 hat (worn)
 y - a +0 plate armour (worn)
Jewellery
 e - a +3 amulet of reflection (around neck)
 p - a +3 ring of intelligence (left hand)
Wands
 b - a wand of polymorph (7)
 l - a wand of flame (17)
 n - a wand of scattershot (2)
Scrolls
 r - a scroll of fear
 v - a scroll of magic mapping {unknown}
 w - 4 scrolls of identify
Potions
 d - a potion of flight
 g - 3 potions of cancellation
 k - a potion of agility
 m - 2 potions of curing {unknown}
 o - a potion of brilliance
Comestibles
 f - 10 rations
 z - a chunk of flesh


   Skills:
 + Level 6.5 Fighting
 * Level 6.8 Maces & Flails
 + Level 5.4 Armour
 + Level 5.3 Shields


You had 8 spell levels left.
You didn't know any spells.
Your spell library was empty.

Dungeon Overview and Level Annotations

Branches:
Dungeon (7/15)             Temple (1/1) D:7

Altars:
Cheibriados
Dithmenos
Elyvilon
Gozag
Hepliaklqana
Makhleb
Okawaru
Qazlal
Ru
Sif Muna
Trog
Uskayaw
Vehumet
Wu Jian
Xom
Yredelemnul
Zin
The Shining One

Annotations:
D:3 2 runed translucent doors, Mryle's ghost, amateur MfSk
D:4 1 runed translucent door, opiumtea's ghost, novice HuSk


Innate Abilities, Weirdness & Mutations

Your body is rotting away.
You thrive on raw meat.
You are immune to poison.
You have sharp fingernails.
You are carnivorous and can eat meat at any time.
Your flesh is cold resistant. (rC+)
You are immune to negative energy. (rN+++)
You do not regenerate when monsters are visible.
You are immune to unholy pain and torment.
You can survive without breathing.


Message History

The white ugly thing punches you. The white ugly thing freezes you! You resist.
You sock the white ugly thing!
The white ugly thing is heavily wounded.
The white ugly thing punches you! The white ugly thing freezes you! You resist.
Eat one of 3 chunks of flesh? (ye/n/q)
You eat one of the 3 chunks of flesh.
This raw flesh tastes great!
The white ugly thing punches you but does no damage.
Eat one of 2 chunks of flesh? (ye/n/q)
You eat one of the 2 chunks of flesh.
This raw flesh tastes great!
You block the white ugly thing's attack.
You closely miss the white ugly thing.
The white ugly thing is moderately wounded.
The white ugly thing punches you! The white ugly thing freezes you! You resist.
* * * LOW HITPOINT WARNING * * *
You closely miss the white ugly thing.
The white ugly thing is moderately wounded.
The white ugly thing punches you!
* * * LOW HITPOINT WARNING * * *
The white ugly thing freezes you! You resist.
You die...

######################
#.....................
#......(..............
#.....u.............."
#....@................
#.....................
#.....................
#.....................
################'#####
#........' #........#
######..##..#
#....#####..#


You could see a white ugly thing.

Vanquished Creatures
  An orc warrior (D:6)
  2 phantoms
  An ice beast (D:6)
  3 ogres
  2 centaurs (D:5)
  A bullfrog (D:2)
  2 howler monkeys (D:6)
  3 crimson imps
  3 hounds
  3 orc priests
  Crazy Yiuf (D:4)
  3 orc wizards
  3 centaur skeletons
  2 worker ants
  An iguana (D:6)
  10 gnolls
  4 adders
  A shadow imp (D:7)
  5 oozes
  An adder zombie (D:7)
  A worm (D:2)
  A dart slug (D:2)
  A leopard gecko (D:1)
  20 orcs
  8 bats
  4 giant cockroaches
  6 goblins
  11 hobgoblins
  6 jackals
  3 quokkas
  A ball python (D:1)
  6 frilled lizards
  4 kobolds
  A leopard gecko skeleton (D:5)
  A leopard gecko zombie (D:7)
  A quokka zombie (D:7)
  8 rats
  A fungus (D:4)
136 creatures vanquished.

Vanquished Creatures (others)
  A centaur (D:7)
  An orc (D:5)
2 creatures vanquished.

Grand Total: 138 creatures vanquished

Notes
Turn   | Place    | Note
-------+----------+-------------------------------------------
     0 | D:1      | KlarStein the Ghoul Fighter began the quest for the Orb.
     0 | D:1      | Reached XP level 1. HP: 19/19 MP: 0/0
     3 | D:1      | Noticed an electric eel
     3 | D:1      | Noticed an electric eel
    91 | D:1      | Reached XP level 2. HP: 5/25 MP: 1/1
   602 | D:1      | Reached XP level 3. HP: 27/31 MP: 2/2
   730 | D:1      | You fall into a shaft and drop 1 floor!
   738 | D:2      | Found a snail-covered altar of Cheibriados.
   987 | D:2      | Noticed a bullfrog
  1002 | D:2      | Killed a bullfrog
  1002 | D:2      | Reached XP level 4. HP: 19/40 MP: 3/3
  1033 | D:2      | Reached XP level 5. HP: 25/46 MP: 4/4
  1797 | D:4      | Noticed a phantom
  2763 | D:3      | Found a runed translucent door.
  2766 | D:3      | Noticed Mryle's ghost (amateur MfSk)
  2877 | D:3      | Found a runed translucent door.
  2972 | D:3      | Reached XP level 6. HP: 44/53 MP: 5/5
  3251 | D:4      | Killed a phantom
  3341 | D:4      | Reached XP level 7. HP: 58/58 MP: 6/6
  3386 | D:4      | Found a runed translucent door.
  3387 | D:4      | Noticed Crazy Yiuf
  3397 | D:4      | Killed Crazy Yiuf
  3447 | D:4      | Found a runed translucent door.
  3447 | D:4      | Noticed opiumtea's ghost (novice HuSk)
  3771 | D:5      | Entered Level 5 of the Dungeon
  3782 | D:5      | Reached skill level 5 in Fighting
  4366 | D:5      | Reached skill level 5 in Maces & Flails
  4855 | D:5      | Reached XP level 8. HP: 67/67 MP: 7/7
  4989 | D:6      | Noticed a white ugly thing
  5304 | D:7      | Found a radiant altar of Vehumet.
  5487 | D:7      | Reached skill level 5 in Armour
  5575 | D:7      | Reached skill level 5 in Shields
  5580 | D:7      | Found a staircase to the Ecumenical Temple.
  5596 | Temple   | Entered the Ecumenical Temple
  5706 | Temple   | Became a worshipper of Warmaster Okawaru
  6069 | D:7      | Reached XP level 9. HP: 35/77 MP: 8/8
  6384 | D:5      | Slain by a white ugly thing

Levels and vault maps discovered:
D:1:      arrival_aquarium_b, layout_loops_cross
D:2:      layout_basic, overflow_temple_1_default
D:3:      layout_basic, ebering_ghost_sewer_f, first_ration
D:4:      layout_rooms, ebering_ghost_inner_flame, uniq_crazy_yiuf_cottage
D:5:      layout_gridville
D:6:      layout_rooms, minitemple, serial_shops, nicolae_shop_statue_plus
D:7:      layout_rooms, vehumet_altar_wand_db, temple_statues,
          minmay_misc_feat_plants
Temple:   nicolae_temple_elliptical

Skill      XL: |  1  2  3  4  5  6  7  8 |
---------------+-------------------------+-----
Maces & Flails | 2 3 4 5 6 |  6.8
Armour         | 3 4 5 |  5.4
Shields        | 3 4 5 |  5.3
Fighting       | 4 5 6 |  6.5

Action                   |  1- 3 |  4- 6 |  7- 9 || total
-------------------------+-------+-------+-------++-------
Melee: Flail             |   120 |   180 |   348 ||   648
  Use: Scroll            |     4 |     4 |     6 ||    14
       Potion            |       |     2 |       ||     2
  Eat: Chunk             |     7 |     6 |    30 ||    43
Armor: Scale mail        |    63 |    53 |   129 ||   245
       Plate armour      |       |       |     7 ||     7
Dodge: Dodged            |    39 |    42 |    73 ||   154
Block: Shield            |    71 |   133 |   210 ||   414
       Reflection        |       |       |    22 ||    22
